 Dungeon Crawl Stone Soup version 0.29.1-14-g9c671dbff4 (webtiles) character file.

Game seed: 10759639431384152823

77 Cape the Charlatan (level 4, -6/38 HPs)
             Began as a Minotaur Artificer on Feb 16, 2023.
             Killed from afar by an orc wizard (11 damage)
             ... with a magic dart
             ... on level 3 of the Dungeon.
             The game lasted 00:11:28 (2762 turns).

Cape the Charlatan (Minotaur Artificer)             Turns: 2762, Time: 00:11:29

Health: -6/38      AC:  7    Str: 19    XL:     4   Next: 13%
Magic:  3/3        EV: 11    Int:  8    God:
Gold:   114        SH:  0    Dex: 10    Spells: 3/3 levels left

rFire   . . .      SeeInvis .   u - +0 spear
rCold   . . .      Faith    .   (no shield)
rNeg    + . .      Spirit   .   b - +0 leather armour
rPois   .          Reflect  .   (helmet restricted)
rElec   .          Harm     .   (no cloak)
rCorr   .          Rampage  .   (no gloves)
Will    .....                   (no boots)
Stlth   +.........              (no amulet)
HPRegen 0.12/turn               k - ring of positive energy
MPRegen 0.08/turn               o - +4 ring of protection

@: no status effects
A: horns 2, retaliatory headbutt
a: no special abilities


You were on level 3 of the Dungeon.
You visited 1 branch of the dungeon, and saw 3 of its levels.

You collected 114 gold pieces.

Inventory:

Hand Weapons
 u - a +0 spear (weapon)
Missiles
 a - 5 boomerangs (quivered)
Armour
 b - a +0 leather armour (worn)
Jewellery
 k - a ring of positive energy (left hand)
 o - a +4 ring of protection (right hand)
Wands
 c - a wand of flame (13)
 d - a wand of charming (13)
 e - a wand of iceblast (4)
Scrolls
 n - a scroll of magic mapping {unknown}
 p - 2 scrolls of identify {unknown}
 s - a scroll of butterflies {unknown}
 t - a scroll of immolation {unknown}
Potions
 g - a potion of flight {unknown}
 i - a potion of haste {unknown}
 j - 4 potions of resistance {unknown}
 l - a potion of brilliance {unknown}
 m - a potion of heal wounds {unknown}
 q - 2 potions of curing {unknown}
 r - a potion of magic {unknown}


   Skills:
 + Level 3.0 Fighting
 * Level 0.4 Polearms
 + Level 3.2 Armour
 - Level 1.1 Dodging
 - Level 0.7 Stealth
 * Level 3.5 Evocations


You had 3 spell levels left.
You didn't know any spells.
Your spell library contained the following spells:

 Spells                   Type           Power      Damage    Failure   Level
 Ozocubu's Armour         Ice            0%         N/A       83%         3
 Metabolic Englaciation   Hex/Ice        0%         N/A       100%        5
 Simulacrum               Ice/Necr       0%         N/A       100%        6


Dungeon Overview and Level Annotations

Branches:
Dungeon (3/15)

Altars:


Innate Abilities, Weirdness & Mutations

You have a pair of horns on your head.
You reflexively headbutt those who attack you in melee.


Message History

You barely miss something. Something hits you but does no damage.
The ball python completely misses you. The ball python constricts you.
You closely miss something. The ball python bites you.
The ball python constricts you. Something hits you.
You're too confused to move!
The ball python bites you but does no damage.
The ball python constricts you. Something hits you but does no damage.
The ball python bites you but does no damage.
The ball python constricts you.
You escape the ball python's grasp.
You miss something. Something hits you. The ball python bites you.
The ball python completely misses you.
You bump into the rock wall.
You hear some strange, mumbled words.
A puff of flame appears from out of thin air!
The puff of flame misses you. The ball python bites you.
The ball python grabs you. The ball python constricts you.
You barely miss something. Your headbutt misses something.
You feel less confused. Something hits you but does no damage.
The ball python bites you. The ball python constricts you.
You hit the ball python.
You kill the ball python!
Something hits you but does no damage. x2
You hear some strange, mumbled words.
Something tries to affect you, but you resist.
You see here a ball python corpse.
You closely miss something. Something hits you but does no damage.
You barely miss something. Something hits you but does no damage.
You closely miss something. Something hits you but does no damage.
You hit something.
You hear some strange, mumbled words.
A magic dart appears from out of thin air!
The magic dart hits you!
* * * LOW HITPOINT WARNING * * *
You miss something. Your headbutt misses something.
You hear some strange, mumbled words.
A magic dart appears from out of thin air!
The magic dart hits you!
You die...

... #..#####....
....#######.......#####
#...<..rJ.............
#.#####....g...##.##
########.##..#####
#<......>.# #..)......#
#.{.......# #.@.......#
###########


There were no monsters in sight!

Vanquished Creatures
  2 worms (D:2)
  A dart slug (D:1)
  4 orcs
  8 bats
  5 endoplasms
  A giant cockroach (D:2)
  5 goblins
  5 hobgoblins
  3 jackals (D:1)
  9 ball pythons
  2 frilled lizards (D:2)
  2 kobolds (D:2)
  12 rats
59 creatures vanquished.

Vanquished Creatures (others)
  An adder (D:2)
  A jackal (D:1)
2 creatures vanquished.

Grand Total: 61 creatures vanquished

Notes
Turn   | Place    | Note
-------+----------+-------------------------------------------
     0 | D:1      | Cape the Minotaur Artificer began the quest for the Orb.
     0 | D:1      | Reached XP level 1. HP: 16/16 MP: 0/0
   203 | D:1      | Reached XP level 2. HP: 23/24 MP: 1/1
   856 | D:1      | Reached XP level 3. HP: 29/30 MP: 2/2
  2710 | D:2      | Reached XP level 4. HP: 33/38 MP: 3/3
  2762 | D:3      | Killed from afar by an orc wizard

Illustrated notes

Levels and vault maps discovered:
D:1:      heliophobic_arrival_henge, layout_loops_ring
D:2:      layout_basic, kennysheep_generic_room_7
D:3:      layout_rooms, uniq_robin

Skill      XL: |  1  2  3 |
---------------+----------+-----
Evocations     | 3 |  3.5
Fighting       | 2 3 |  3.0
Armour         | 3 |  3.2
Polearms       | |  0.4
Dodging        | |  1.1
Stealth        | |  0.7

Action                   |  1- 3 |  4- 6 || total
-------------------------+-------+-------++-------
Melee: Club              |    19 |       ||    19
       Falchion          |    80 |       ||    80
       Headbutt          |    10 |     1 ||    11
       Spear             |     4 |    28 ||    32
Evoke: Wand              |     5 |       ||     5
  Use: Scroll            |     1 |       ||     1
       Potion            |       |     1 ||     1
 Stab: Sleeping          |     1 |       ||     1
Armor: Leather armour    |    41 |    34 ||    75
Dodge: Dodged            |    97 |    25 ||   122
